 Dungeon Crawl Stone Soup version 0.29.0-11-gd7f09526c8 (webtiles) character file.

Game seed: 1627167538099242520

1024 blackman the Trooper (level 8, -4/62 HPs)
             Began as a Djinni Fire Elementalist on Sept 6, 2022.
             Was an Initiate of Ashenzari.
             Slain by a water moccasin (6 damage)
             ... on level 5 of the Dungeon.
             The game lasted 00:17:04 (7562 turns).

blackman the Trooper (Djinni Fire Elementalist)     Turns: 7562, Time: 00:17:04

Health: -4/62      AC:  2    Str:  7    XL:     8   Next: 46%
Gold:   65         EV: 12    Int: 18    God:    Ashenzari [......] SH:  3 Dex: 15

rFire   + + .      SeeInvis .   (no weapon)
rCold   x . .      Faith    .   n - +0 buckler
rNeg    . . .      Spirit   .   z - +0 robe of Star-Bound Wisdom {Range, Melee} (curse)
rPois   ∞          Reflect  .   (no helmet)
rElec   .          Harm     .   (no cloak)
rCorr   .          Rampage  .   (no gloves)
Will    .....                   (boots unavailable)
Stlth   ++........              B - amulet of regeneration
HPRegen 1.00/turn               (no ring)
MPRegen 0.00/turn               (no ring)

@: flying, very slightly contaminated
A: sickness immunity, fire resistance 2, cold vulnerability 1, float, innate
caster, HP casting, extra vitality 1
a: Renounce Religion, Shatter the Chains


You were on level 5 of the Dungeon.
You worshipped Ashenzari.
Ashenzari was noncommittal.
You visited 1 branch of the dungeon, and saw 5 of its levels.
You also visited: Sewer.

You collected 365 gold pieces.
You spent 300 gold pieces at shops.

Inventory:

Missiles
 a - 6 javelins
 m - 17 poisoned darts
Armour
 n - a +0 buckler (worn)
 y - a +0 leather armour
 z - the cursed +0 robe of Star-Bound Wisdom (worn) {Range, Melee}
   (You took it off Sigmund on level 4 of the Dungeon)

   It has a curse which improves the following skills: Ranged Combat: Ranged
   Weapons and Throwing.
   Melee Combat: Short Blades, Long Blades, Axes, Maces & Flails, Polearms,
   Staves and Unarmed Combat.
Jewellery
 i - a ring of poison resistance
 r - an amulet of the acrobat
 B - an amulet of regeneration (around neck)
Scrolls
 b - 5 scrolls of identify {unknown}
 f - a scroll of fear {unknown}
 g - 3 scrolls of immolation {unknown}
 j - 2 scrolls of magic mapping
 k - 3 scrolls of enchant armour {unknown}
 l - a scroll of amnesia {unknown}
 o - 3 scrolls of summoning {unknown}
 p - a scroll of vulnerability {unknown}
 q - 2 scrolls of teleportation {unknown}
 w - a scroll of fog {unknown}
Potions
 c - 5 potions of curing {unknown}
 d - 5 potions of heal wounds {unknown}
 e - a potion of degeneration {unknown}
 h - a potion of resistance {unknown}
 s - a potion of attraction {unknown}
 t - a potion of cancellation {unknown}
 u - a potion of mutation {unknown}
 v - 2 potions of brilliance {unknown}
 x - a potion of magic {unknown}
 A - a potion of ambrosia {unknown}
 C - a potion of haste {unknown}


   Skills:
 + Level 6.4 Fighting
 - Level 2.1 Dodging
 - Level 1.5 Stealth
 + Level 5.6 Spellcasting


You couldn't memorise any spells.
You knew the following spells:

 Your Spells              Type           Power      Damage    Failure   Level
a - Foxfire               Conj/Fire      100%       2x1d9     1%          1
b - Scorch                Fire           50%        2d8       2%          2
c - Conjure Flame         Conj/Fire      25%        6-21      4%          3
d - Inner Flame           Hex/Fire       25%        N/A       4%          3
e - Flame Wave            Conj/Fire      25%        2d8       17%         4
f - Sting                 Tmut/Pois      100%       1d8       1%          1
g - Blink                 Tloc           50%        N/A       2%          2
h - Tukima's Dance        Hex            25%        N/A       4%          3
Your spell library was empty.

Dungeon Overview and Level Annotations

Branches:
Dungeon (5/15)              Sewer (visited)
 Temple: D:4-7

Altars:
Ashenzari
Cheibriados
Elyvilon
Fedhas
Nemelex Xobeh
Xom
Yredelemnul
Zin

Shops:
D:4 =:[?[

Annotations:
D:5 Menkaure


Innate Abilities, Weirdness & Mutations

You are immune to sickness and miasma.
You are immune to poison.
Your flesh is very heat resistant. (rF++)
You are vulnerable to cold. (rC-)
You float through the air rather than walking.
You learn spells naturally, not from books.
Your magical power is your life essence.
You have superior vitality. (+4 MHP)


Message History

Menkaure calls on the powers of darkness!
The water moccasin convulses!
The orc priest convulses!
Your body is wracked with pain!
* * * LOW HITPOINT WARNING * * *
Casting: Foxfire (safe; 1% risk of failure)
Confirm with . or Enter, or press ? or * to list all spells.
Casting: Flame Wave (dangerous; 17% risk of failure)
Press: ? - help, Dir - look around, f - activate A wave of flame ripples out!
The flame wave engulfs your foxfire.
Your foxfire completely resists.
The flame wave engulfs your foxfire.
Your foxfire completely resists.
The flame wave engulfs your foxfire.
Your foxfire completely resists.
The flame wave engulfs your foxfire.
Your foxfire completely resists. (Press . to intensify the flame waves.)
* * * LOW HITPOINT WARNING * * *
You hear a shout!
The foxfire hits the orc!
The orc is almost dead.
The foxfire hits the orc.
You kill the orc!
Menkaure hums, "Let me perform the rites..."
Casting: Flame Wave (dangerous; 17% risk of failure)
Confirm with . or Enter, or press ? or * to list all spells.
Restarting spell: Flame Wave (dangerous; 17% risk of failure)
Press: ? - help, Dir - look around, f - activate You miscast Flame Wave.
You are very lightly contaminated with residual magic.
You feel a strange surge of energy.
* * * LOW HITPOINT WARNING * * *
x2
Casting: Flame Wave (dangerous; 17% risk of failure)
Confirm with . or Enter, or press ? or * to list all spells.
Casting: Flame Wave (dangerous; 17% risk of failure)
Press: ? - help, Dir - look around, f - activate You miscast Flame Wave.
Nothing appears to happen.
* * * LOW HITPOINT WARNING * * *
The water moccasin barely misses you. The water moccasin bites you.
You die...

#.# #.# #.# #.#
#.# #.# #.# #.#
#.#
#####.#########(#
#.#
#............##.#
#.#
#.###.######.##.#
#.# #.#####
#...§.# #####@#
..>..)oS...#
..........:#
###.###...M# #
#)..... #.......
.........
.....##.#


You could see a water moccasin, Menkaure and an orc priest.

Vanquished Creatures
  Sigmund (D:4)
  A centaur (D:5)
  A scorpion (D:4)
  2 bullfrogs (Sewer)
  2 necrophages
  A hound (D:5)
  2 orc priests (D:4)
  Jessica (D:2)
  2 orc wizards (D:4)
  A gnoll (D:4)
  8 adders
  5 river rats (Sewer)
  A white imp (D:5)
  An ufetubus (D:5)
  A worm (D:2)
  2 dart slugs
  18 orcs
  9 endoplasms
  4 giant cockroaches
  15 goblins
  10 hobgoblins
  3 jackals (D:1)
  7 quokkas
  18 ball pythons
  7 bats
  10 frilled lizards
  18 kobolds
  22 rats
173 creatures vanquished.

Vanquished Creatures (collateral kills)
  2 orcs (D:4)
  A hobgoblin (D:4)
  A kobold (D:4)
  4 foxfires
8 creatures vanquished.

Vanquished Creatures (others)
  2 dancing weapons (D:4)
  765 foxfires
  2 fungi (D:3)
769 creatures vanquished.

Grand Total: 950 creatures vanquished

Notes
Turn   | Place    | Note
-------+----------+-------------------------------------------
     0 | D:1      | blackman the Djinni Fire Elementalist began the quest for
                  | the Orb.
     0 | D:1      | blackman set off with the following spells memorised:
                  | Foxfire, Scorch, Conjure Flame, Inner Flame, Flame Wave.
     0 | D:1      | Reached XP level 1. HP: 15/15 MP: 0/0
   438 | D:1      | Reached XP level 2. HP: 16/22 MP: 0/0
   447 | D:1      | Reached skill level 1 in Fighting
  1162 | D:1      | Reached XP level 3. HP: 25/27 MP: 0/0
  1162 | D:1      | Learned a level 1 spell: Sting
  2581 | D:2      | Noticed Jessica
  2584 | D:2      | Killed Jessica
  2585 | D:2      | Reached skill level 2 in Fighting
  2585 | D:2      | Reached XP level 4. HP: 31/34 MP: 0/0
  3348 | D:3      | Found a basalt altar of Yredelemnul.
  3706 | D:3      | Found a white marble altar of Elyvilon.
  3717 | D:3      | Found a blossoming altar of Fedhas.
  3723 | D:3      | Reached XP level 5. HP: 38/39 MP: 0/0
  3723 | D:3      | Learned a level 2 spell: Blink
  4182 | D:3      | Found a broken altar of Ashenzari.
  4187 | D:3      | Found a shimmering altar of Xom.
  4195 | D:3      | Found a sparkling altar of Nemelex Xobeh.
  4197 | D:3      | Found a glowing silver altar of Zin.
  4204 | D:3      | Became a worshipper of Ashenzari the Shackled
  4215 | D:3      | Found a snail-covered altar of Cheibriados.
  4367 | D:3      | Reached skill level 3 in Fighting
  4858 | D:4      | Noticed Sigmund
  4863 | D:4      | Killed Sigmund
  4864 | D:4      | Reached skill level 4 in Fighting
  4864 | D:4      | Reached XP level 6. HP: 43/47 MP: 0/0
  5068 | D:4      | Found a glowing drain.
  5072 | Sewer    | Entered a sewer
  5311 | Sewer    | Reached XP level 7. HP: 44/53 MP: 0/0
  5311 | Sewer    | Learned a level 3 spell: Tukima's Dance
  5683 | Sewer    | Reached skill level 5 in Fighting
  6491 | D:4      | Found Bununor's Jewellery Emporium.
  6573 | D:4      | Bought an amulet of regeneration for 300 gold pieces
  6688 | D:4      | Found Duim's Book Boutique.
  6747 | D:4      | Reached skill level 5 in Spellcasting
  6766 | D:4      | Found Siodwec's Magic Scroll Boutique.
  6813 | D:4      | Reached XP level 8. HP: 26/60 MP: 0/0
  6859 | D:4      | Found Zirch's Armour Shop.
  7246 | D:4      | Found Rougigocua's Antique Armour Shop.
  7278 | D:4      | Reached skill level 6 in Fighting
  7347 | D:5      | Entered Level 5 of the Dungeon
  7554 | D:5      | Noticed Menkaure
  7562 | D:5      | Slain by a water moccasin

Illustrated notes

Levels and vault maps discovered:
D:1:      minmay_arrival_plants_in_alcoves, layout_rooms
D:2:      layout_basic, uniq_jessica
D:3:      layout_basic, fedhas_altar_3, yredelemnul_altar_generic,
          nicolae_overflow_hallway_of_the_gods, mainiacjoe_overflow_24_doors,
          chequers_serial_rivers_marsh, grunt_decor_mini_mirrors, minmay_cut_off
D:4:      corexii_shantytown, layout_cave_pods, gup_sewer_entry_bowl,
          serial_shops, nicolae_shop_crystal, nicolae_shop_crystal, shop,
          shop_coins, nicolae_lakefront_shop, uniq_sigmund
D:5:      layout_loops_ring, lemuel_temple_firewalk_a, uniq_menkaure,
          uniq_crazy_yiuf_cottage

Skill      XL: |  1  2  3  4  5  6  7  8 |
---------------+-------------------------+-----
Fighting       | 1 2 4 5 6 |  6.4
Spellcasting   | 3 4 5 |  5.6
Dodging        | |  2.1
Stealth        | |  1.5

Action                   |  1- 3 |  4- 6 |  7- 9 || total
-------------------------+-------+-------+-------++-------
Melee: Unarmed           |     1 |     1 |       ||     2
 Cast: Foxfire           |   130 |   136 |   220 ||   486
       Sting             |     6 |     1 |     2 ||     9
       Blink             |       |     3 |     3 ||     6
       Tukima's Dance    |       |       |    26 ||    26
       Inner Flame       |       |       |     3 ||     3
       Flame Wave        |       |       |     1 ||     1
Invok: Curse Item        |       |       |     2 ||     2
       Shatter the Chain |       |       |     1 ||     1
  Use: Scroll            |       |     1 |       ||     1
Armor: Robe              |     7 |     1 |     8 ||    16
Dodge: Dodged            |    12 |    11 |    45 ||    68
Block: Buckler           |       |     2 |     7 ||     9
